 Dungeon Crawl Stone Soup version 0.30-a0-782-ge64f9170bb (webtiles) character file.

Game seed: 5581052700865771060

3589938 epen the Crack Shot (level 27, 187/223 HPs)
             Began as a Gnoll Wanderer on Feb 22, 2023.
             Was the Champion of Cheibriados.
             Escaped with the Orb
             ... and 5 runes on Feb 23, 2023!
             The game lasted 02:00:42 (58681 turns).

epen the Crack Shot (Gnoll Wanderer)               Turns: 58681, Time: 02:00:43

Health: 187/223    AC:  8    Str: 25    XL:     27
Magic:  42/42      EV: 47    Int: 29    God:    Cheibriados [******]
Gold:   6945       SH: 26    Dex: 38    Spells: 51/65 levels left

rFire   + + +      SeeInvis +      - Unarmed
rCold   + + +      Faith    .    i - +1 kite shield {reflect}
rNeg    + . .      Spirit   .    (no body armour)
rPois   .          Reflect  +    l - +1 hat of Music {rF+ rN+}
rElec   .          Harm     .    v - +0 cloak "Wanie" {rC++ rCorr}
rCorr   +          Rampage  .    b - +0 pair of gloves
Will    ++++.                    I - +2 pair of boots {Stlth+}
Stlth   ++++                     K - amulet of Ludoxaid {Reflect rF+ SH+5}
HPRegen 0.57/turn                E - ring "Cieny" {rF+ rC+ Will+ rCorr SInv}
MPRegen 0.28/turn                G - +5 ring of evasion

@: studying 3 skills, very slow
A: fangs 1, strong nose, distributed training, see invisible, dopey 1, low MP 1,
strong-willed 1, mutation resistance 1
0: Orb of Zot
}: 5/15 runes: decaying, serpentine, slimy, silver, abyssal
a: Renounce Religion, Bend Time, Temporal Distortion, Slouch, Step From Time


You escaped.
You worshipped Cheibriados.
Cheibriados was exalted by your worship.
You visited 11 branches of the dungeon, and saw 53 of its levels.
You visited the Abyss 1 time.
You also visited: Ice Cave and Wizlab.

You collected 7954 gold pieces.
You spent 1009 gold pieces at shops.

Inventory:

Missiles
 Y - a throwing net
Armour
 b - a +0 pair of gloves (worn)
 i - a +1 kite shield of reflection (worn)
 l - the +1 hat of Music (worn) {rF+ rN+}
   (You found it on level 2 of the Orcish Mines)

   rF:        It protects you from fire.
   rN:        It protects you from negative energy.
 v - the +0 cloak "Wanie" (worn) {rC++ rCorr}
   (You found it on level 2 of the Orcish Mines)

   rC:        It greatly protects you from cold.
   rCorr:     It protects you from acid and corrosion.
 I - a +2 pair of boots of stealth (worn)
Jewellery
 o - the amulet "Cousoal" {Contam rC++ Regen+ rCorr}
   (You found it on level 1 of the Snake Pit)

   [amulet of regeneration]

   rC:        It greatly protects you from cold.
   Contam:    It causes magical contamination when unequipped.
   Regen:     It increases your rate of health regeneration.
   rCorr:     It protects you from acid and corrosion.
 q - the ring of Vuill {Ice Dex+4}
   (You took it off Josephina on level 2 of the Realm of Zot)

   [ring of ice]

   It enhances your ice magic.
   Dex:       It affects your dexterity (+4).
   rF:        It makes you vulnerable to fire.
   rC:        It protects you from cold.
 s - the amulet "Orphyahi" {Reflect +Blink Int+3 SH+5}
   (You found it on level 2 of the Realm of Zot)

   [amulet of reflection]

   It reflects blocked missile attacks.
   Int:       It affects your intelligence (+3).
   +Blink:    It lets you blink.
   SH:        It affects your SH (+5).
 z - the amulet of Maimy {RegenMP Harm rN+ Will- Str+2}
   (You found it on level 1 of the Snake Pit)

   [amulet of magic regeneration]

   It increases your rate of magic regeneration.
   Str:       It affects your strength (+2).
   rN:        It protects you from negative energy.
   Harm:      It increases damage dealt and taken.
   Will:      It decreases your willpower.
 E - the ring "Cieny" (left hand) {rF+ rC+ Will+ rCorr SInv}
   (You took it off an orc on level 2 of the Orcish Mines)

   [ring of protection from fire]

   rF:        It protects you from fire.
   rC:        It protects you from cold.
   SInv:      It lets you see invisible.
   rCorr:     It protects you from acid and corrosion.
   Will:      It increases your willpower.
 G - a +5 ring of evasion (right hand)
 K - the amulet of Ludoxaid (around neck) {Reflect rF+ SH+5}
   (You found it on level 5 of the Pits of Slime)

   [amulet of reflection]

   It reflects blocked missile attacks.
   rF:        It protects you from fire.
   SH:        It affects your SH (+5).
 X - the ring of Light {Fire rCorr}
   (You took it off an ironbound convoker on level 5 of the Vaults)

   [ring of fire]

   It enhances your fire magic.
   rF:        It protects you from fire.
   rC:        It makes you vulnerable to cold.
   rCorr:     It protects you from acid and corrosion.
Wands
 a - a wand of mindburst (25)
 e - a wand of roots (55)
 g - a wand of charming (41)
 h - a wand of flame (57)
 H - a wand of acid (35)
 V - a wand of digging (25)
Scrolls
 c - 11 scrolls of fog
 d - 7 scrolls of fear
 f - 7 scrolls of blinking
 j - 5 scrolls of amnesia
 u - 33 scrolls of identify
 x - 10 scrolls of vulnerability
 y - 4 scrolls of magic mapping
 C - 6 scrolls of enchant armour
 D - 7 scrolls of enchant weapon
 F - 9 scrolls of immolation
 R - 24 scrolls of teleportation
 S - 2 scrolls of silence
 W - 4 scrolls of butterflies
Potions
 k - 6 potions of ambrosia
 m - 16 potions of curing
 t - 4 potions of magic
 w - 7 potions of brilliance
 A - 6 potions of heal wounds
 B - 5 potions of lignification
 J - 7 potions of cancellation
 M - 4 potions of mutation
 P - a potion of flight
 Q - 6 potions of berserk rage
 T - 5 potions of resistance
 U - 11 potions of attraction
Miscellaneous
 n - a phantom mirror
 p - a tin of tremorstones (2/2)
 L - a phial of floods
 N - a lightning rod (4/4)
 O - a condenser vane


   Skills:
 + Level 19.7 Fighting
 + Level 19.7 Short Blades
 + Level 19.7 Long Blades
 + Level 19.7 Axes
 + Level 19.7 Maces & Flails
 + Level 19.7 Polearms
 + Level 19.7 Staves
 + Level 22.8 Ranged Weapons
 + Level 19.7 Throwing
 + Level 19.8 Armour
 + Level 21.1 Dodging
 + Level 19.7 Stealth
 + Level 19.7 Shields
 + Level 19.7 Unarmed Combat
 + Level 19.8 Spellcasting
 + Level 16.8 Conjurations
 + Level 16.8 Hexes
 + Level 17.1 Summonings
 + Level 16.8 Necromancy
 + Level 16.8 Translocations
 + Level 16.8 Transmutations
 + Level 17.2 Fire Magic
 + Level 21.5 Ice Magic
 + Level 16.8 Air Magic
 + Level 16.8 Earth Magic
 + Level 16.8 Poison Magic
 + Level 21.2 Invocations
 + Level 20.1 Evocations


You had 51 spell levels left.
You knew the following spells:

 Your Spells              Type           Power      Damage    Failure   Level
a - Foxfire               Conj/Fire      100%       2x1d9     0%          1
b - Statue Form           Tmut/Erth      60%        N/A       1%          6
c - Ozocubu's Refrigerat  Ice            50%        4d18      1%          7

Your spell library contained the following spells:

 Spells                   Type           Power      Damage    Failure   Level
 Apportation              Tloc           100%       N/A       0%          1
 Beastly Appendage        Tmut           100%       N/A       0%          1
 Magic Dart               Conj           100%       1d8       0%          1
 Necrotise                Necr           100%       1d9       0%          1
 Sandblast                Erth           100%       2d20      0%          1
 Shock                    Conj/Air       100%       1d9       0%          1
 Slow                     Hex            100%       N/A       0%          1
 Sting                    Tmut/Pois      100%       1d8       0%          1
 Summon Small Mammal      Summ           100%       N/A       0%          1
 Blink                    Tloc           100%       N/A       0%          2
 Call Imp                 Summ           91%        N/A       0%          2
 Cigotuvi's Dreadful Rot  Necr/Pois/Air  100%       N/A       0%          2
 Lesser Beckoning         Tloc           100%       N/A       0%          2
 Momentum Strike          Conj/Tloc      100%       3d10      0%          2
 Passwall                 Tmut/Erth      75%        N/A       0%          2
 Poisonous Vapours        Pois/Air       100%       N/A       0%          2
 Static Discharge         Conj/Air       100%       2-7/arc   0%          2
 Sublimation of Blood     Necr           90%        N/A       0%          2
 Wereblood                Tmut           90%        N/A       0%          2
 Call Canine Familiar     Summ           91%        N/A       0%          3
 Confusing Touch          Hex            90%        N/A       0%          3
 Gell's Gravitas          Tloc           90%        N/A       0%          3
 Hailstorm                Conj/Ice       96%        3d19      0%          3
 Inner Flame              Hex/Fire       91%        N/A       0%          3
 Kindle Blastsparks       Fire/Tloc/Air  100%       2d18      0%          3
 Mephitic Cloud           Conj/Pois/Air  90%        N/A       0%          3
 Portal Projectile        Hex/Tloc       100%       N/A       0%          3
 Spider Form              Tmut/Pois      90%        N/A       0%          3
 Stone Arrow              Conj/Erth      100%       3d13      0%          3
 Summon Guardian Golem    Hex/Summ       91%        N/A       0%          3
 Swiftness                Air            90%        N/A       0%          3
 Teleport Other           Tloc           90%        N/A       0%          3
 Tukima's Dance           Hex            90%        N/A       0%          3
 Vampiric Draining        Necr           90%        2d12      0%          3
 Vhi's Electric Charge    Tloc/Air       100%       N/A       0%          3
 Ice Form                 Ice/Tmut       96%        N/A       0%          4
 Summon Ice Beast         Ice/Summ       96%        N/A       0%          4
 Airstrike                Air            45%        2d(7-23)  1%          4
 Anguish                  Hex/Necr       45%        N/A       1%          4
 Animate Dead             Necr           90%        N/A       1%          4
 Dispel Undead            Necr           90%        3d29      1%          4
 Flame Wave               Conj/Fire      91%        2d19      1%          4
 Fulminant Prism          Conj/Hex       45%        3d21      1%          4
 Iskenderun's Mystic Bla  Conj/Tloc      90%        2d18      1%          4
 Leda's Liquefaction      Hex/Erth       45%        N/A       1%          4
 Manifold Assault         Tloc           90%        N/A       1%          4
 Olgreb's Toxic Radiance  Pois           90%        N/A       1%          4
 Passage of Golubria      Tloc           90%        N/A       1%          4
 Petrify                  Tmut/Erth      90%        N/A       1%          4
 Sticky Flame             Conj/Fire      91%        2d10      1%          4
 Summon Lightning Spire   Summ/Air       91%        N/A       1%          4
 Arcjolt                  Conj/Air       45%        1d55      1%          5
 Blade Hands              Tmut           45%        N/A       1%          5
 Fireball                 Conj/Fire      45%        3d18      1%          5
 Irradiate                Conj/Tmut      45%        3d26      1%          5
 Lee's Rapid Deconstruct  Erth           45%        3d22*     1%          5
 Lightning Bolt           Conj/Air       45%        1d65      1%          5
 Silence                  Hex/Air        45%        N/A       1%          5
 Summon Forest            Summ/Tloc      45%        N/A       1%          5
 Summon Mana Viper        Hex/Summ       91%        N/A       1%          5
 Yara's Violent Unravell  Hex/Tmut       45%        3d18      1%          5
 Death Channel            Necr           45%        N/A       1%          6
 Dispersal                Tloc           45%        N/A       1%          6
 Simulacrum               Ice/Necr       48%        N/A       1%          6
 Starburst                Conj/Fire      45%        6d13      1%          6
 Summon Cactus Giant      Summ           45%        N/A       1%          6
 Enfeeble                 Hex            45%        N/A       1%          7
 Haunt                    Necr/Summ      45%        N/A       1%          7
 Malign Gateway           Summ/Tloc      45%        N/A       1%          7
 Monstrous Menagerie      Summ           45%        N/A       1%          7
 Orb of Destruction       Conj           45%        9d12      1%          7
 Spellforged Servitor     Conj/Summ      45%        N/A       1%          7
 Ignition                 Fire           45%        3d13      11%         8
 Summon Horrible Things   Summ           45%        N/A       12%         8
 Disjunction              Tloc           45%        N/A       13%         8
 Infestation              Necr           45%        N/A       13%         8
 Lehudib's Crystal Spear  Conj/Erth      45%        10d11     13%         8


Dungeon Overview and Level Annotations

Branches:
Dungeon (15/15)            Temple (1/1) D:6            Lair (5/5) D:8
  Swamp (4/4) Lair:2        Snake (4/4) Lair:3        Slime (5/5) Lair:4
    Orc (2/2) D:10            Elf (3/3) Orc:2        Vaults (5/5) D:13
  Crypt (0/3) Vaults:2     Depths (4/4) D:15            Zot (5/5) Depths:4
  IceCv (visited)          WizLab (visited)

Altars:
Ashenzari
Cheibriados
Dithmenos
Elyvilon
Fedhas
Gozag
Hepliaklqana
Kikubaaqudgha
Makhleb
Nemelex Xobeh
Okawaru
Qazlal
Ru
Sif Muna
Trog
Uskayaw
Vehumet
Wu Jian
Xom
Yredelemnul
Zin
The Shining One
Jiyva

Shops:
D:5 =   D:10 :*   D:15 [   Orc:2 [***(   Elf:2 *[   Elf:3 [*   Vaults:2 ?
Vaults:5 [=   Depths:3 (

Portals:
Hell: Depths:1 Depths:2 Depths:3 Depths:4
Abyss: Depths:1 Depths:3
Pandemonium: Depths:2 Depths:3
Ziggurat: Depths:4

Annotations:
Elf:2 3 runed translucent doors
Vaults:3 2 transporters, Dyrphilu's ghost, adept GnMo
Zot:4 2 transporters, Ahiemauce's ghost, veteran DrSu


Innate Abilities, Weirdness & Mutations

You have very sharp teeth.
Your uncanny sense of smell can sniff out nearby items.
Your experience applies equally to all skills.
You have supernaturally acute eyesight. (SInv)
You are dopey. (Int -2)
Your magical capacity is low. (-10% MP)
You are strong-willed. (Will+)
You are somewhat resistant to further mutation.


Message History

Cheibriados thoroughly appreciates the change of pace.
Aiming: Corrosive Bolt
Press: ? - help, Shift-Dir - straight line, f - you That beam is likely to hit you.
Continue anyway?
Okay, then.
The Brimstone Fiend gestures at you.
The sphere of damnation explodes!
The damnation engulfs you!!
Aiming: Corrosive Bolt
Press: ? - help, Shift-Dir - straight line, f - Brimstone Fiend
Aim: a Brimstone Fiend (heavily wounded, 89% to hit)
The bolt of acid hits the Brimstone Fiend!!
The acid corrodes the Brimstone Fiend!
The Brimstone Fiend is severely wounded.
Aiming: Corrosive Bolt
Press: ? - help, Shift-Dir - straight line, f/p - Brimstone Fiend
Aim: a Brimstone Fiend (severely wounded, covered in acid, 89% to hit)
The bolt of acid hits the Brimstone Fiend!
The Brimstone Fiend seems to be corroded for longer.
The Brimstone Fiend is almost dead.
The Brimstone Fiend gestures at you.
The sphere of damnation explodes!
The damnation engulfs you!!!
Aiming: Corrosive Bolt
Press: ? - help, Shift-Dir - straight line, f/p - Brimstone Fiend
Aim: a Brimstone Fiend (almost dead, covered in acid, 89% to hit)
The bolt of acid hits the Brimstone Fiend!!!
The Brimstone Fiend seems to be corroded for longer.
You kill the Brimstone Fiend!
Cheibriados thoroughly appreciates the change of pace.
Your transformation is almost over.
Aiming: Dig
Press: ? - help, Shift-Dir - straight line A rock wall.
This square is covered in magical glow.
The rock shatters into small pieces.
You revert to your normal fleshy form.
Your +0 pair of gloves unmelds from your body.
Your +2 pair of boots of stealth unmelds from your body.
You feel stealthy.
There is a staircase leading out of the dungeon here.
You have escaped!

..##.# #............##...
..##.###########............##...
.###...........#.................
## ###########.#.##########.#.###
####...#######..............#...#
.##.###.##..####.##############..
##### ##.#.#.##..# ###. ..####
#..###..[.# #...
##...###..#.###.@# #...
#.##(##.##.##....# #...
.####...##...##..# #..>
################## #... ...###
#... .....# #... .....#
#####################. .....#
#...................#. .....#
#.#############.......


There were no monsters in sight!

Vanquished Creatures
  the Royal Jelly (Slime:5)
  3 dread liches
  9 ancient liches
  5 orbs of fire
  3 juggernauts
  Josephina (Zot:2)
  Sojobo (Depths:1)
  Xtahua (Depths:3)
  Vashnia (Snake:3)
  7 Killer Klowns
  Saint Roka (Depths:1)
  2 curse toes (Zot:1)
  Bai Suzhen (Snake:3)
  A profane servitor (Abyss:4)
  6 golden dragons
  2 bone dragons
  6 electric golems
  3 doom hounds (Zot:3)
  A hellephant (Abyss:4)
  A Brimstone Fiend (D:1)
  A Tzitzimitl (D:2)
  Jorgrun (Orc:2)
  14 tentacled monstrosities
  A walking crystal tome (Depths:3)
  6 liches
  6 quicksilver dragons
  Grunn (Zot:3)
  2 deep elf blademasters (Elf:3)
  29 Orb Guardians
  5 titans
  35 acid blobs
  2 Executioners
  An ancient champion (Vaults:2)
  3 tentacled starspawn
  2 deep elf master archers (Elf:3)
  10 sphinxes
  7 death cobs
  A thorn hunter (Swamp:4)
  14 tengu reavers
  15 shadow dragons
  9 storm dragons
  Donald (Vaults:4)
  A fenstrider witch (Swamp:4)
  5 nagarajas
  20 rockslimes
  7 draconian monks
  7 frost giants
  29 azure jellies
  14 draconian knights
  8 fire giants
  An azure jelly (shapeshifter) (D:15)
  A fenstrider witch (shapeshifter) (Depths:3)
  19 vault wardens
  6 deep elf sorcerers
  An iron dragon (Vaults:4)
  The ghost of XanderDroid the Brawler, a journeyman TrFi of Wu Jian (Orc:2)
  Aizul (Swamp:1)
  3 ghost moths
  2 balrugs
  4 orc warlords
  The ghost of Enlostror the Severer, an adept MeBe of Trog (Orc:1)
  6 draconian scorchers
  3 angels
  19 ironbound preservers
  10 stone giants
  7 deep elf elementalists
  7 draconian stormcallers
  4 draconian shifters
  19 quicksilver oozes
  9 draconian annihilators
  12 green draconians
  7 war gargoyles
  12 ironbound thunderhulks
  2 reapers (Zot:3)
  25 very ugly things
  10 deep elf demonologists
  18 black draconians
  4 vampire knights
  10 deep elf annihilators
  16 white draconians
  11 yellow draconians
  10 purple draconians
  The ghost of derval the Warrior, a journeyman OpSu of Gozag (Lair:3)
  A bunyip (Swamp:4)
  5 eleionomae
  8 dire elephants
  6 spark wasps
  15 red draconians
  2 lorocyprocas
  9 deep elf death magi
  13 ettins
  4 entropy weavers
  3 fire dragons
  4 jiangshi
  4 crystal guardians (WizLab)
  A blizzard demon (Zot:5)
  3 deep elf high priests
  A merfolk impaler (Depths:3)
  A shambling mangrove (Swamp:4)
  20 yaktaur captains
  The ghost of DEFE the Spear-Bearer, a journeyman DsWn of Okawaru (Lair:2)
  11 great orbs of eyes
  2 rakshasas
  26 hydras
  5 ice dragons
  12 peacekeepers
  5 salamander tyrants
  4 spriggan air magi
  7 ogre magi
  38 vault guards
  A ghost crab (Swamp:3)
  3 anacondas
  12 ironbound frosthearts
  A death knight (D:15)
  20 dancing weapons
  6 deep troll shamans
  14 alligators
  8 boulder beetles
  3 catoblepae
  6 centaur warriors
  3 vampire magi
  20 two-headed ogres
  A death yak (shapeshifter) (Vaults:5)
  5 orc high priests
  5 deep troll earth magi
  7 thrashing horrors
  8 spriggan berserkers
  3 soul eaters
  8 large abominations
  4 tengu warriors
  10 death yaks (Lair:5)
  17 naga warriors
  13 deep elf knights
  21 naga sharpshooters
  7 shock serpents
  6 sun demons
  A wretched star (Abyss:4)
  5 hell knights (Depths:1)
  3 sixfirhies
  5 iron trolls
  A shadow wraith (Vaults:5)
  2 salamander mystics
  A titan skeleton (Abyss:4)
  51 deep trolls
  A death drake (Abyss:5)
  5 goliath frogs
  A sea snake (Snake:1)
  9 skeletal warriors
  A skyshark (shapeshifter) (Vaults:5)
  A deep troll (shapeshifter) (Vaults:5)
  A flayed ghost (Vaults:5)
  5 skysharks
  4 spriggan druids
  A cherub (Zot:1)
  2 glowing orange brains
  5 naga ritualists
  9 swamp dragons
  4 wizards
  15 bog bodies
  2 shadow demons (Abyss:2)
  13 deep elf archers
  A swamp dragon (shapeshifter) (Vaults:5)
  A tengu zombie (Vaults:3)
  7 necromancers
  5 phantasmal warriors
  4 lindwurms
  8 orc knights
  32 deep elf zephyrmancers
  10 mana vipers
  26 ironbound convokers
  27 deep elf pyromancers
  4 shining eyes
  41 ugly things
  3 cyclopes
  A human zombie (Vaults:3)
  2 orc sorcerers
  13 salamanders
  30 moths of wrath
  4 manticores
  7 elephants
  A worldbinder (Abyss:4)
  An elephant (shapeshifter) (Depths:4)
  4 will-o-the-wisps
  30 black mambas
  A black mamba (shapeshifter) (D:12)
  2 guardian serpents
  A rust devil (Abyss:1)
  8 cane toads
  22 naga magi
  2 eyes of devastation
  A molten gargoyle (WizLab)
  7 gargoyles
  14 vault sentinels
  6 smoke demons
  2 ice statues (IceCv)
  7 komodo dragons
  Maggie (D:8)
  2 yaktaurs (shapeshifter)
  A rime drake (shapeshifter) (Vaults:5)
  2 hellions
  10 rime drakes
  2 tormentors (Zot:3)
  2 efreet
  3 kobold demonologists
  4 freezing wraiths
  4 ice devils
  44 yaktaurs
  8 catoblepas skeletons (Abyss:5)
  4 tengu conjurers
  4 ancient zymes
  A red devil (Depths:2)
  2 hellwings
  4 polar bears
  A shadow dragon simulacrum (Zot:2)
  7 trolls
  13 hornets
  7 tyrant leeches
  21 blink frogs
  A dream sheep (shapeshifter) (Vaults:5)
  9 raiju
  2 air elementals
  A jumping spider (shapeshifter) (Elf:1)
  A skyshark simulacrum (Lair:3)
  Sigmund (D:5)
  3 wraiths
  4 ynoxinuls
  75 slime creatures
  11 spriggans
  2 shadows (D:10)
  11 water elementals
  A hog (shapeshifter) (Elf:1)
  2 wyverns
  A yak (shapeshifter) (Elf:3)
  6 basilisks
  4 fire elementals
  10 vampire mosquitoes
  A golden eye (Abyss:4)
  48 yaks
  3 steam dragons
  4 chaos spawn
  4 neqoxecs
  4 redbacks
  A glowing shapeshifter zombie (Vaults:3)
  17 swamp worms
  A harpy simulacrum (D:14)
  46 nagas
  9 water moccasins
  3 acid dragons
  5 wargs
  5 hell hounds (Abyss:4)
  A floating eye (Depths:2)
  38 orc warriors
  A sky beast (D:7)
  10 swamp drakes
  2 black bears
  An ice beast (D:5)
  40 ogres
  A black mamba simulacrum (Lair:3)
  5 boggarts
  10 wolves
  A tengu (shapeshifter) (Abyss:5)
  4 centaurs
  11 starcursed masses
  9 small abominations
  4 kobold brigands
  2 phantoms (D:5)
  10 bullfrogs
  2 gnoll sergeants
  A necrophage (D:5)
  12 earth elementals
  2 scorpions
  7 wights
  4 killer bees (D:10)
  A blink frog simulacrum (Lair:3)
  An elephant simulacrum (Lair:3)
  3 lindwurm simulacra
  7 howler monkeys
  2 electric eels
  6 komodo dragon simulacra (IceCv)
  7 jellies
  2 hounds (D:5)
  13 orc priests
  An iron imp (Abyss:1)
  5 iguanas
  17 orc wizards
  7 hell rats (Lair:5)
  A polar bear simulacrum (Lair:3)
  2 lightning spires (WizLab)
  3 human simulacra
  9 gnolls
  7 acid dragon simulacra (IceCv)
  5 adders
  A shadow imp (D:8)
  3 white imps
  6 steam dragon simulacra (IceCv)
  An ufetubus (D:4)
  4 dart slugs
  57 orcs
  8 ball pythons
  4 bats
  8 endoplasms
  3 giant cockroaches
  8 goblins
  10 hobgoblins
  3 jackals (D:1)
  11 kobolds
  6 quokkas
  4 frilled lizards
  4 rats
  A lurking horror (Abyss:2)
  A starspawn tentacle (Abyss:3)
2344 creatures vanquished.

Vanquished Creatures (collateral kills)
  A yak (D:6)
1 creature vanquished.

Vanquished Creatures (others)
  2 fire giants
  A black draconian (Zot:5)
  An ogre mage (Vaults:5)
  3 deep elf knights
  A quicksilver dragon simulacrum (Zot:2)
  A bog body (Swamp:4)
  An ironbound convoker (Vaults:3)
  3 deep elf zephyrmancers (Elf:1)
  A moth of wrath (Zot:2)
  2 black mambas
  A golden dragon simulacrum (Zot:2)
  2 bloated husks (Swamp:2)
  2 yaks (D:6)
  A starcursed mass (Abyss:1)
  2 swamp worms
  A yellow draconian simulacrum (Zot:2)
  A swamp drake (Swamp:4)
  2 boggarts (Vaults:1)
  A blink frog simulacrum (Lair:3)
  An orc (Orc:2)
  A bush (Lair:5)
  3 demonic plants (Abyss:6)
  58 foxfires
  32 fungi
  A lurking horror (Abyss:4)
  26 plants
  9 starspawn tentacles
160 creatures vanquished.

Grand Total: 2505 creatures vanquished

Notes
Turn   | Place    | Note
-------+----------+-------------------------------------------
     0 | D:1      | epen the Gnoll Wanderer began the quest for the Orb.
     0 | D:1      | epen set off with the following items: a +0 dagger, a +0
                  | pair of gloves, a scroll of fog, a +0 robe, a wand of roots
                  | (2); and the following spell memorised: Foxfire; and the
                  | following spells available to memorise: Kindle Blastsparks.
     0 | D:1      | Reached XP level 1. HP: 13/13 MP: 4/4
   160 | D:1      | Reached XP level 2. HP: 19/19 MP: 5/5
   370 | D:1      | Reached XP level 3. HP: 13/25 MP: 0/7
   539 | D:1      | Reached skill level 1 in Invocations
  1021 | D:2      | Reached skill level 1 in Fighting
  1021 | D:2      | Reached skill level 1 in Short Blades
  1021 | D:2      | Reached skill level 1 in Long Blades
  1021 | D:2      | Reached skill level 1 in Axes
  1021 | D:2      | Reached skill level 1 in Maces & Flails
  1021 | D:2      | Reached skill level 1 in Polearms
  1021 | D:2      | Reached skill level 1 in Staves
  1021 | D:2      | Reached skill level 1 in Ranged Weapons
  1021 | D:2      | Reached skill level 1 in Throwing
  1021 | D:2      | Reached skill level 1 in Stealth
  1021 | D:2      | Reached skill level 1 in Shields
  1021 | D:2      | Reached skill level 1 in Unarmed Combat
  1131 | D:2      | Reached XP level 4. HP: 32/32 MP: 8/8
  1366 | D:2      | Reached skill level 1 in Conjurations
  1366 | D:2      | Reached skill level 1 in Hexes
  1366 | D:2      | Reached skill level 1 in Summonings
  1366 | D:2      | Reached skill level 1 in Necromancy
  1366 | D:2      | Reached skill level 1 in Translocations
  1366 | D:2      | Reached skill level 1 in Transmutations
  1366 | D:2      | Reached skill level 1 in Ice Magic
  1366 | D:2      | Reached skill level 1 in Air Magic
  1366 | D:2      | Reached skill level 1 in Earth Magic
  1366 | D:2      | Reached skill level 1 in Poison Magic
  1919 | D:3      | Found a stormy altar of Qazlal.
  2132 | D:3      | Reached XP level 5. HP: 15/37 MP: 9/9
  2311 | D:3      | Found a faded altar of an unknown god.
  2332 | D:3      | You are sucked into a shaft and drop 3 floors!
  2376 | D:5      | Entered Level 5 of the Dungeon
  2384 | D:5      | Noticed Sigmund
  2394 | D:5      | Gained mutation: Your flesh is heat resistant. (rF+)
                  | [potion of mutation]
  2394 | D:5      | Gained mutation: Your muscles are strong. (Str +4, Int/Dex
                  | -1) [potion of mutation]
  2406 | D:5      | Killed Sigmund
  2407 | D:5      | Reached skill level 2 in Ranged Weapons
  2407 | D:5      | Reached skill level 5 in Evocations
  2407 | D:5      | Reached XP level 6. HP: 28/44 MP: 7/11
  2441 | D:5      | Found an ornate altar of the Wu Jian Council.
  2462 | D:5      | Reached XP level 7. HP: 27/51 MP: 12/12
  2622 | D:5      | Found a white marble altar of Elyvilon.
  3065 | D:5      | Found a glowing silver altar of Zin.
  3341 | D:4      | Reached skill level 3 in Ranged Weapons
  3341 | D:4      | Reached XP level 8. HP: 53/58 MP: 14/14
  3364 | D:4      | Identified the ring "Puizon" {MP+9 Dex+6}
  4426 | D:5      | Found Utogevil's Jewellery Boutique.
  4839 | D:6      | Reached skill level 5 in Fire Magic
  5109 | D:6      | Found a staircase to the Ecumenical Temple.
  5109 | D:6      | Noticed a yak
  5110 | D:6      | Noticed a yak
  5110 | D:6      | Noticed a yak
  5110 | D:6      | Noticed a yak
  5110 | D:6      | Noticed a yak
  5132 | D:6      | Reached XP level 9. HP: 22/65 MP: 16/16
  5158 | D:6      | Reached skill level 4 in Ranged Weapons
  5158 | D:6      | Reached skill level 5 in Spellcasting
  5164 | D:6      | Reached skill level 5 in Armour
  5302 | Temple   | Entered the Ecumenical Temple
  5323 | Temple   | Became a worshipper of Cheibriados the Contemplative
  6392 | D:7      | Found an iron altar of Okawaru.
  6392 | D:7      | Found a glowing golden altar of the Shining One.
  6552 | D:7      | Reached skill level 5 in Invocations
  7061 | D:8      | Found a staircase to the Lair.
  7075 | D:8      | Found an ancient bone altar of Kikubaaqudgha.
  7075 | D:8      | Found a shimmering altar of Xom.
  7444 | D:8      | Noticed a hornet
  7455 | D:8      | Killed a hornet
  7778 | D:8      | Noticed Maggie
  7791 | D:8      | Killed Maggie
  7792 | D:8      | Reached skill level 5 in Fighting
  7792 | D:8      | Reached skill level 5 in Short Blades
  7792 | D:8      | Reached skill level 5 in Long Blades
  7792 | D:8      | Reached skill level 5 in Axes
  7792 | D:8      | Reached skill level 5 in Maces & Flails
  7792 | D:8      | Reached skill level 5 in Polearms
  7792 | D:8      | Reached skill level 5 in Staves
  7792 | D:8      | Reached skill level 5 in Ranged Weapons
  7792 | D:8      | Reached skill level 5 in Throwing
  7792 | D:8      | Reached skill level 10 in Dodging
  7792 | D:8      | Reached skill level 5 in Stealth
  7792 | D:8      | Reached skill level 5 in Shields
  7792 | D:8      | Reached skill level 5 in Unarmed Combat
  7792 | D:8      | Reached XP level 10. HP: 71/74 MP: 18/18
  8062 | D:9      | Reached * piety under Cheibriados
  8598 | D:10     | Entered Level 10 of the Dungeon
  8743 | D:10     | Reached ** piety under Cheibriados
  9091 | D:10     | Found Fupez's Book Emporium.
  9122 | D:10     | Noticed a two-headed ogre
  9132 | D:10     | Killed a two-headed ogre
  9213 | D:10     | Reached skill level 6 in Ranged Weapons
  9288 | D:10     | Reached skill level 5 in Conjurations
  9288 | D:10     | Reached skill level 5 in Hexes
  9288 | D:10     | Reached skill level 5 in Summonings
  9288 | D:10     | Reached skill level 5 in Necromancy
  9288 | D:10     | Reached skill level 5 in Translocations
  9288 | D:10     | Reached skill level 5 in Transmutations
  9288 | D:10     | Reached skill level 5 in Ice Magic
  9288 | D:10     | Reached skill level 5 in Air Magic
  9288 | D:10     | Reached skill level 5 in Earth Magic
  9288 | D:10     | Reached skill level 5 in Poison Magic
  9300 | D:10     | Reached XP level 11. HP: 81/81 MP: 21/21
  9326 | D:10     | Found a staircase to the Orcish Mines.
  9451 | D:10     | Found Gozag's Platinum Reserve.
  9507 | D:10     | Found an opulent altar of Gozag.
  9697 | D:11     | Noticed a manticore
  9712 | D:11     | Killed a manticore
  9769 | D:11     | Noticed a green ugly thing
  9828 | Lair:1   | Entered Level 1 of the Lair of Beasts
  9964 | Lair:1   | Reached *** piety under Cheibriados
 10700 | Lair:2   | Noticed a skyshark
 10713 | Lair:2   | Killed a skyshark
 10757 | Lair:2   | Reached skill level 7 in Ranged Weapons
 10911 | Lair:2   | Found a large runed translucent door.
 10912 | Lair:2   | Found a large runed translucent door.
 10913 | Lair:2   | Noticed DEFE's ghost (journeyman DsWn)
 10998 | Lair:2   | Reached XP level 12. HP: 64/91 MP: 23/23
 11023 | Lair:2   | Noticed a five-headed hydra
 11027 | Lair:2   | Killed a two-headed hydra
 11052 | Lair:2   | Noticed an eight-headed hydra
 11060 | Lair:2   | Killed a two-headed hydra
 11060 | Lair:2   | Reached **** piety under Cheibriados
 11074 | Lair:2   | Found a staircase to the Swamp.
 11791 | Lair:3   | Noticed derval's ghost (journeyman OpSu)
 11847 | Lair:3   | Noticed a seven-headed hydra
 11862 | Lair:3   | Killed a two-headed hydra
 12095 | Lair:3   | Identified the +1 leather armour of the Lute {rPois}
 12215 | Lair:3   | Found a runed translucent gate.
 12215 | Lair:3   | Found a runed translucent gate.
 12216 | Lair:3   | Found a runed translucent gate.
 12553 | Lair:3   | Found a staircase to the Snake Pit.
 12823 | Lair:4   | Reached skill level 8 in Ranged Weapons
 13034 | Lair:4   | Found a viscous altar of Jiyva.
 13036 | Lair:4   | Found a staircase to the Slime Pits.
 13522 | Lair:5   | Entered Level 5 of the Lair of Beasts
 13529 | Lair:5   | Reached ***** piety under Cheibriados
 13596 | Lair:4   | Reached XP level 13. HP: 98/98 MP: 25/25
 14415 | Lair:5   | Reached skill level 10 in Evocations
 14583 | Lair:5   | Reached skill level 9 in Ranged Weapons
 14865 | Lair:5   | Reached XP level 14. HP: 95/108 MP: 27/27
 14872 | Lair:5   | Reached skill level 10 in Invocations
 16295 | D:12     | Reached skill level 10 in Spellcasting
 16652 | D:13     | Reached skill level 10 in Armour
 16667 | D:13     | Found a gate to the Vaults.
 17237 | D:13     | Reached ****** piety under Cheibriados
 17447 | D:14     | Found Zin's Purification Station.
 17447 | D:14     | Found a glowing silver altar of Zin.
 17453 | D:14     | Bought a potion of curing for 90 gold pieces
 17572 | D:14     | Reached skill level 10 in Fighting
 17572 | D:14     | Reached skill level 10 in Short Blades
 17572 | D:14     | Reached skill level 10 in Long Blades
 17572 | D:14     | Reached skill level 10 in Axes
 17572 | D:14     | Reached skill level 10 in Maces & Flails
 17572 | D:14     | Reached skill level 10 in Polearms
 17572 | D:14     | Reached skill level 10 in Staves
 17572 | D:14     | Reached skill level 10 in Ranged Weapons
 17572 | D:14     | Reached skill level 10 in Throwing
 17572 | D:14     | Reached skill level 10 in Stealth
 17572 | D:14     | Reached skill level 10 in Shields
 17572 | D:14     | Reached skill level 10 in Unarmed Combat
 17632 | D:14     | Reached XP level 15. HP: 39/115 MP: 29/29
 18148 | D:10     | Bought a book of the Earth for 468 gold pieces
 18155 | D:10     | Learned a level 6 spell: Statue Form
 18313 | D:15     | Entered Level 15 of the Dungeon
 18371 | D:15     | Found Qeidoy's Armour Shoppe.
 18624 | D:15     | Found a staircase to the Depths.
 18645 | D:15     | a stone giant changed into an azure jelly
 18645 | D:15     | Noticed an azure jelly (glowing shapeshifter)
 18648 | D:15     | Killed an azure jelly
 18991 | D:15     | Found a hide-covered altar of Uskayaw.
 19255 | Orc:1    | Entered Level 1 of the Orcish Mines
 19255 | Orc:1    | Found a bloodstained altar of Trog.
 19676 | Orc:1    | Found a runed translucent gate.
 19676 | Orc:1    | Found a runed translucent gate.
 19676 | Orc:1    | Found a runed translucent gate.
 19677 | Orc:1    | Found an opulent altar of Gozag.
 19678 | Orc:1    | Noticed Enlostror's ghost (adept MeBe)
 19690 | Orc:1    | Killed Enlostror's ghost
 19795 | Orc:2    | Entered Level 2 of the Orcish Mines
 19897 | Orc:2    | Found a frozen archway.
 19913 | IceCv    | Entered an ice cave
 20234 | IceCv    | Found the +4 skin of Zhor {*Englaciate rC+++ SInv}
 20642 | Orc:2    | Found a runed translucent gate.
 20642 | Orc:2    | Noticed XanderDroid's ghost (journeyman TrFi)
 20643 | Orc:2    | Identified the +7 plate armour of the Mind {rElec rPois rC+
                  | Dex-5}
 20643 | Orc:2    | Noticed an orc warlord
 20643 | Orc:2    | Found a runed translucent gate.
 20648 | Orc:2    | Found a staircase to the Elven Halls.
 20666 | Orc:2    | Reached skill level 10 in Fire Magic
 20722 | Orc:2    | Reached XP level 16. HP: 124/124 MP: 31/31
 20767 | Orc:2    | Found a runed translucent gate.
 20804 | Orc:2    | Found Abeifa's Armour Boutique.
 20818 | Orc:2    | Noticed Jorgrun
 20876 | Orc:2    | Killed Jorgrun
 20877 | Orc:2    | Reached skill level 11 in Ranged Weapons
 20922 | Orc:2    | Found Mirimor's Assorted Antiques.
 20922 | Orc:2    | Found Dunuzi's General Store.
 20923 | Orc:2    | Found Muirikow's Weapon Shop.
 20923 | Orc:2    | Found Caliv's General Store.
 20930 | Orc:2    | Bought a potion of curing for 60 gold pieces
 21269 | Orc:2    | Identified the ring "Cieny" {rF+ rC+ Will+ rCorr SInv}
 21271 | Orc:2    | Identified the +10 spear "Siomn" {holy, rElec rN+ Dex+2}
 21317 | Orc:2    | Killed XanderDroid's ghost
 21329 | Orc:2    | Identified the +1 hat of Music {rF+ rN+}
 21332 | Orc:2    | Identified the +0 cloak "Wanie" {rC++ rCorr}
 21609 | Snake:1  | Entered Level 1 of the Snake Pit
 21617 | Snake:1  | Found a transporter.
 21699 | Snake:1  | Found a transporter.
 22304 | Snake:1  | Reached skill level 10 in Ice Magic
 22360 | Snake:1  | Gained mutation: You occasionally lose the ability to drink
                  | potions when taking damage. [mutagenic glow]
 22365 | Snake:1  | Paralysed by a Zot trap for 3 turns
 22367 | Snake:1  | Gained mutation: You are clumsy. (Dex -2) [mutagenic glow]
 22396 | Snake:1  | Identified the amulet "Cousoal" {Contam rC++ Regen+ rCorr}
 22408 | Snake:1  | Identified the amulet of Maimy {RegenMP Harm rN+ Will-
                  | Str+2}
 22446 | Snake:1  | Lost mutation: You are clumsy. (Dex -2) [potion of
                  | mutation]
 22446 | Snake:1  | Lost mutation: Your muscles are strong. (Str +4, Int/Dex
                  | -1) [potion of mutation]
 22446 | Snake:1  | Lost mutation: Your flesh is heat resistant. (rF+) [potion
                  | of mutation]
 22446 | Snake:1  | Gained mutation: You have a pair of small antennae on your
                  | head. [potion of mutation]
 22446 | Snake:1  | Gained mutation: You have supernaturally acute eyesight.
                  | (SInv) [potion of mutation]
 22446 | Snake:1  | Gained mutation: You are partially covered in iridescent
                  | scales. (AC +2) [potion of mutation]
 22447 | Snake:1  | Lost mutation: You have a pair of small antennae on your
                  | head. [potion of mutation]
 22447 | Snake:1  | Lost mutation: You occasionally lose the ability to drink
                  | potions when taking damage. [potion of mutation]
 22447 | Snake:1  | Gained mutation: You are clumsy. (Dex -2) [potion of
                  | mutation]
 22464 | Snake:2  | Noticed a nagaraja
 22481 | Snake:2  | Killed a nagaraja
 22599 | Snake:2  | Noticed a nagaraja
 22609 | Snake:2  | Killed a nagaraja
 23392 | Snake:3  | Reached XP level 17. HP: 133/133 MP: 33/33
 23460 | Snake:3  | Noticed Bai Suzhen
 23476 | Snake:3  | Killed Bai Suzhen
 23486 | Snake:3  | Reached skill level 10 in Conjurations
 23486 | Snake:3  | Reached skill level 10 in Hexes
 23486 | Snake:3  | Reached skill level 10 in Summonings
 23486 | Snake:3  | Reached skill level 10 in Necromancy
 23486 | Snake:3  | Reached skill level 10 in Translocations
 23486 | Snake:3  | Reached skill level 10 in Transmutations
 23486 | Snake:3  | Reached skill level 10 in Air Magic
 23486 | Snake:3  | Reached skill level 10 in Earth Magic
 23486 | Snake:3  | Reached skill level 10 in Poison Magic
 23693 | Snake:3  | Noticed Vashnia
 23734 | Snake:3  | Killed Vashnia
 23735 | Snake:3  | Reached skill level 12 in Ranged Weapons
 24041 | Snake:4  | Entered Level 4 of the Snake Pit
 25021 | Snake:4  | Got a serpentine rune of Zot
 25423 | Vaults:1 | Entered Level 1 of the Vaults
 25523 | Vaults:1 | Reached XP level 18. HP: 141/141 MP: 29/34
 25725 | Vaults:1 | Reached skill level 15 in Dodging
 27020 | Vaults:2 | Found Hacul's Magic Scroll Boutique.
 27025 | Vaults:2 | Bought a scroll of teleportation for 54 gold pieces
 27080 | Vaults:2 | Reached skill level 13 in Ranged Weapons
 27564 | Vaults:2 | Reached XP level 19. HP: 149/149 MP: 33/36
 28264 | Vaults:2 | Found a staircase to the Crypt.
 29471 | Vaults:3 | Reached skill level 15 in Invocations
 29803 | Vaults:3 | Found a transporter.
 29806 | Vaults:3 | Found a bloodstained altar of Trog.
 29807 | Vaults:3 | Noticed Dyrphilu's ghost (adept GnMo)
 29839 | Vaults:3 | Found a transporter.
 30036 | Vaults:4 | Reached XP level 20. HP: 158/158 MP: 38/38
 30074 | Vaults:4 | Reached skill level 14 in Ranged Weapons
 30229 | Vaults:4 | Noticed Donald
 30240 | Vaults:4 | Killed Donald
 30288 | Vaults:4 | Paralysed by a sphinx for 2 turns
 31501 | Swamp:1  | Entered Level 1 of the Swamp
 31535 | Swamp:1  | Reached skill level 15 in Evocations
 31715 | Swamp:1  | Noticed Aizul
 31726 | Swamp:1  | Killed Aizul
 32654 | Swamp:3  | Identified the +0 trident of Discomfort {flame, *Rage rN+++
                  | Int+2}
 32925 | Swamp:4  | Entered Level 4 of the Swamp
 33028 | Swamp:4  | Reached XP level 21. HP: 166/166 MP: 35/39
 33093 | Swamp:4  | Identified the +1 leather armour of Charmed Satisfaction
                  | {+Inv rPois rCorr Stlth-}
 33300 | Swamp:4  | Reached skill level 15 in Ice Magic
 33363 | Swamp:4  | Reached skill level 15 in Spellcasting
 33417 | Swamp:4  | Reached skill level 15 in Armour
 33769 | Swamp:4  | Got a decaying rune of Zot
 34118 | Elf:1    | Entered Level 1 of the Elven Halls
 34363 | Elf:1    | Paralysed by an air elemental for 1 turns
 34519 | Elf:1    | Reached skill level 15 in Fighting
 34519 | Elf:1    | Reached skill level 15 in Short Blades
 34519 | Elf:1    | Reached skill level 15 in Long Blades
 34519 | Elf:1    | Reached skill level 15 in Axes
 34519 | Elf:1    | Reached skill level 15 in Maces & Flails
 34519 | Elf:1    | Reached skill level 15 in Polearms
 34519 | Elf:1    | Reached skill level 15 in Staves
 34519 | Elf:1    | Reached skill level 15 in Ranged Weapons
 34519 | Elf:1    | Reached skill level 15 in Throwing
 34519 | Elf:1    | Reached skill level 15 in Stealth
 34519 | Elf:1    | Reached skill level 15 in Shields
 34519 | Elf:1    | Reached skill level 15 in Unarmed Combat
 34662 | Elf:1    | Paralysed by an orc sorcerer for 4 turns
 34974 | Elf:2    | Found Imucruut's Neck Hole.
 34992 | Elf:2    | Found an ancient bone altar of Kikubaaqudgha.
 35084 | Elf:2    | Found Uplis's Armour Shop.
 35216 | Elf:2    | Found a runed translucent gate.
 35216 | Elf:2    | Found a runed translucent gate.
 35216 | Elf:2    | Found a runed translucent gate.
 35662 | Elf:3    | Entered Level 3 of the Elven Halls
 35809 | Elf:3    | Reached XP level 22. HP: 161/175 MP: 31/41
 35820 | Elf:3    | Identified the +6 war axe "Kooqegir" {spect, Dex+2}
 35953 | Elf:3    | Identified the +1 pair of boots of Paikemp {Harm Rampage
                  | Will-}
 36002 | Elf:3    | Identified the +3 quarterstaff "Ishrus" {drain, Int+4
                  | Dex+2}
 36085 | Elf:3    | Found the +2 pair of slick slippers {slick, slippery, EV+5}
 36116 | Elf:3    | epen: ??slick
 36116 | Elf:3    | beem: I don't have a page labeled slick in my learndb. Did
                  | you mean: sick, slice.
 36116 | Elf:3    | epen: ??pair of slick slippers
 36116 | Elf:3    | beem: I don't have a page labeled pair_of_slick_slippers in
                  | my learndb.
 36116 | Elf:3    | epen: ??slippery
 36116 | Elf:3    | beem: slippery ~ slippers ~ slick slippers[1/1]: +2 unrand
                  | boots (with 0 base AC - they're like hats for your feet!)
                  | that give +5 EV, immunity to
                  | constriction/engulfing/nets/webs, and make all enemies act
                  | as if they had trample. (If they damage you with a melee
                  | attack, you move back and they follow.) New in 0.30.
 36121 | Elf:3    | Found Pisi's Armour Shop.
 36405 | Elf:3    | Found Wimm's Assorted Antiques.
 37051 | Elf:3    | Bought a potion of heal wounds for 135 gold pieces
 37051 | Elf:3    | Bought a scroll of blinking for 202 gold pieces
 37384 | Depths:1 | Entered Level 1 of the Depths
 37384 | Depths:1 | Found a gateway to Hell.
 37429 | Depths:1 | Noticed Saint Roka
 37445 | Depths:1 | Killed Saint Roka
 37612 | Depths:1 | Found a hide-covered altar of Uskayaw.
 38020 | Depths:1 | Found a broken altar of Ashenzari.
 38225 | Depths:1 | Noticed Sojobo
 38237 | Depths:1 | Paralysed by an air elemental for 1 turns
 38244 | Depths:1 | Killed Sojobo
 38396 | Depths:1 | Found a one-way gate to the infinite horrors of the Abyss.
 38534 | Depths:2 | Reached skill level 16 in Ranged Weapons
 38640 | Depths:2 | Found a one-way gate leading to the halls of Pandemonium.
 38661 | Depths:2 | Found a magical portal.
 38671 | WizLab   | Entered Maxwell's Workshop
 39004 | WizLab   | Reached XP level 23. HP: 183/183 MP: 38/43
 39192 | WizLab   | Identified the ring of Suspicion {Fire rPois Slay-6 Stlth+}
 39207 | WizLab   | Identified the +4 short sword "Lufez" {flame, *Slow Will+
                  | Dex+3}
 40297 | Depths:2 | Noticed a juggernaut
 40305 | Depths:2 | Killed a juggernaut
 40305 | Depths:2 | Paralysed by a floating eye for 3 turns
 40408 | Depths:2 | Identified the ring of the Ancient Priests {Fly rC- Dex+4}
 40673 | Depths:2 | Identified the +6 dagger "Ompaep" {venom, Str+3 Dex+3}
 41033 | Depths:3 | Found Vaotod's Weapon Emporium.
 41138 | Depths:3 | Reached skill level 17 in Ranged Weapons
 41156 | Depths:3 | Noticed Xtahua
 41164 | Depths:3 | Killed Xtahua
 41497 | Depths:3 | Got Sif Muna's Grimoire of Idealism
 41520 | Depths:3 | Identified the ring of Lysitasm {Ice rN+}
 42099 | Depths:4 | Entered Level 4 of the Depths
 42114 | Depths:4 | Found a one-way gateway to a ziggurat.
 42121 | Depths:4 | Noticed a juggernaut
 42132 | Depths:4 | Killed a juggernaut
 42327 | Depths:4 | Noticed a golden dragon
 42335 | Depths:4 | Killed a golden dragon
 42533 | Depths:4 | Reached XP level 24. HP: 193/193 MP: 39/43
 42749 | Depths:4 | Found a gate to the Realm of Zot.
 43494 | Slime:1  | Entered Level 1 of the Pits of Slime
 43683 | Slime:5  | Entered Level 5 of the Pits of Slime
 43694 | Slime:5  | Noticed the Royal Jelly
 43700 | Slime:4  | Gained mutation: Your magical capacity is low. (-10% MP) [a
                  | shining eye]
 43705 | Slime:4  | Gained mutation: Armour fits poorly on your strangely
                  | shaped body. [a shining eye]
 43722 | Slime:4  | Reached skill level 18 in Ranged Weapons
 43768 | Slime:4  | Lost mutation: You are partially covered in iridescent
                  | scales. (AC +2) [potion of mutation]
 43768 | Slime:4  | Lost mutation: You are clumsy. (Dex -2) [potion of
                  | mutation]
 43768 | Slime:4  | Lost mutation: Armour fits poorly on your strangely shaped
                  | body. [potion of mutation]
 43768 | Slime:4  | Gained mutation: You have a pair of small horns on your
                  | head. [potion of mutation]
 44017 | Slime:5  | Gained mutation: You are occasionally teleported next to
                  | monsters. [a shining eye]
 44040 | Slime:4  | Lost mutation: You are occasionally teleported next to
                  | monsters. [potion of mutation]
 44040 | Slime:4  | Lost mutation: Your magical capacity is low. (-10% MP)
                  | [potion of mutation]
 44040 | Slime:4  | Lost mutation: You have a pair of small horns on your head.
                  | [potion of mutation]
 44040 | Slime:4  | Gained mutation: You are strong-willed. (Will+) [potion of
                  | mutation]
 44040 | Slime:4  | Gained mutation: You are somewhat resistant to further
                  | mutation. [potion of mutation]
 45152 | Slime:5  | Killed the Royal Jelly
 45265 | Slime:5  | Got a slimy rune of Zot
 45293 | Slime:5  | Identified the amulet of Ludoxaid {Reflect rF+ SH+5}
 45306 | Slime:5  | Identified the ring of Lufrut {*Slow Fly Str+9 Dex+2}
 45310 | Slime:5  | Got the Parchment of Invitation
 45357 | Slime:5  | Identified the +4 quarterstaff of the Unkillable {vamp,
                  | rC+}
 45509 | Lair:4   | Learned a level 7 spell: Ozocubu's Refrigeration
 45640 | Lair:3   | Killed derval's ghost
 45703 | Lair:2   | Killed DEFE's ghost
 46134 | Zot:1    | Entered Level 1 of the Realm of Zot
 46188 | Zot:1    | Reached skill level 15 in Fire Magic
 46301 | Zot:1    | Found a huge runed gate.
 46301 | Zot:1    | Found a huge runed gate.
 46302 | Zot:1    | Found a huge runed gate.
 46302 | Zot:1    | Found a huge runed gate.
 46303 | Zot:1    | Found a huge runed gate.
 46303 | Zot:1    | Found a huge runed gate.
 46304 | Zot:1    | Found a huge runed gate.
 46304 | Zot:1    | Found a huge runed gate.
 46304 | Zot:1    | Found a huge runed gate.
 46304 | Zot:1    | Found a huge runed gate.
 46304 | Zot:1    | Found a huge runed gate.
 46305 | Zot:1    | Found a huge runed gate.
 46306 | Zot:1    | Found a huge runed gate.
 46308 | Zot:1    | Found a huge runed gate.
 46313 | Zot:1    | Noticed an orb of fire
 46313 | Zot:1    | Noticed an ancient lich
 46313 | Zot:1    | Noticed a dread lich
 46313 | Zot:1    | Noticed a curse toe
 46313 | Zot:1    | Noticed a curse toe
 46313 | Zot:1    | Noticed a Killer Klown
 46329 | Zot:1    | Killed a dread lich
 46334 | Zot:1    | Killed an ancient lich
 46339 | Zot:1    | Killed an orb of fire
 46344 | Zot:1    | Killed a Killer Klown
 46356 | Zot:1    | Killed a curse toe
 46715 | Zot:1    | Reached XP level 25. HP: 201/201 MP: 41/44
 46900 | Zot:1    | Identified the +3 ring mail of the Equator {rF+ Int+3}
 47150 | Zot:1    | You fall into a shaft and drop 1 floor!
 47150 | Zot:2    | Identified the ring of Vuill {Ice Dex+4}
 47150 | Zot:2    | Noticed Josephina
 47378 | Zot:1    | Reached skill level 19 in Ranged Weapons
 48363 | Zot:2    | Reached skill level 15 in Conjurations
 48363 | Zot:2    | Reached skill level 15 in Hexes
 48363 | Zot:2    | Reached skill level 15 in Summonings
 48363 | Zot:2    | Reached skill level 15 in Necromancy
 48363 | Zot:2    | Reached skill level 15 in Translocations
 48363 | Zot:2    | Reached skill level 15 in Transmutations
 48363 | Zot:2    | Reached skill level 15 in Air Magic
 48363 | Zot:2    | Reached skill level 15 in Earth Magic
 48363 | Zot:2    | Reached skill level 15 in Poison Magic
 48412 | Zot:2    | Killed Josephina
 48513 | Zot:2    | Identified the amulet "Orphyahi" {Reflect +Blink Int+3
                  | SH+5}
 48542 | Zot:2    | Got the Papyrus of the Blink Frog
 48934 | Zot:3    | Noticed Grunn
 48944 | Zot:3    | Killed Grunn
 49643 | Zot:3    | Identified the +2 arbalest of Honesty {heavy, Int+3}
 49904 | Zot:4    | Found a transporter.
 49906 | Zot:4    | Noticed Ahiemauce's ghost (veteran DrSu)
 49907 | Zot:4    | Noticed a shard shrike
 49909 | Zot:4    | Noticed a shard shrike
 49919 | Zot:4    | Noticed a shard shrike
 50025 | Zot:4    | Found a transporter.
 50452 | Zot:5    | Entered Level 5 of the Realm of Zot
 50497 | Zot:5    | Reached skill level 20 in Ranged Weapons
 50497 | Zot:5    | Reached XP level 26. HP: 211/211 MP: 41/45
 50509 | Zot:5    | Noticed an orb of fire
 50518 | Zot:5    | Killed an orb of fire
 50587 | Zot:5    | Noticed a Killer Klown
 50598 | Zot:5    | Killed a Killer Klown
 50601 | Zot:5    | Noticed an ancient lich
 50604 | Zot:5    | Killed an ancient lich
 50633 | Zot:5    | Noticed an ancient lich
 50634 | Zot:5    | Noticed a Killer Klown
 50642 | Zot:5    | Killed an ancient lich
 50658 | Zot:5    | Killed a Killer Klown
 50792 | Zot:5    | Noticed a Killer Klown
 50809 | Zot:5    | Killed a Killer Klown
 50950 | Zot:5    | Noticed a dread lich
 50962 | Zot:5    | Killed a dread lich
 51250 | Zot:5    | Noticed a Killer Klown
 51696 | Zot:5    | Noticed an ancient lich
 51705 | Zot:5    | Killed an ancient lich
 51708 | Zot:5    | Killed a Killer Klown
 52350 | Vaults:5 | Entered Level 5 of the Vaults
 52760 | Vaults:4 | Reached skill level 21 in Ranged Weapons
 52766 | Vaults:5 | Noticed an ancient lich
 52798 | Vaults:4 | Killed an ancient lich
 53008 | Vaults:5 | Reached XP level 27. HP: 215/219 MP: 43/45
 53458 | Vaults:5 | Noticed an ancient lich
 53462 | Vaults:5 | Noticed an ancient lich
 53466 | Vaults:5 | Killed an ancient lich
 53475 | Vaults:5 | Killed an ancient lich
 53495 | Vaults:5 | Identified the ring of Light {Fire rCorr}
 53535 | Vaults:5 | Noticed an ancient lich
 53539 | Vaults:5 | Killed an ancient lich
 53564 | Vaults:5 | Found Oddogiokhlo's Jewellery Shoppe.
 53859 | Vaults:5 | Identified the +1 hat of Amotohov {Str+6}
 53865 | Vaults:5 | Identified the +6 rapier "Heysecs" {protect, Int+3}
 54367 | Vaults:5 | Got the Spellbook of Unified Terrain
 54370 | Vaults:5 | Got a silver rune of Zot
 54483 | Vaults:5 | Found Xudoukink's Armour Shoppe.
 54504 | Vaults:5 | Identified the +6 spear "Jellybane" {heavy, Int+3 Dex+3}
 55685 | Zot:5    | Noticed an orb of fire
 55690 | Zot:5    | Noticed a dread lich
 55690 | Zot:5    | Noticed an orb of fire
 55691 | Zot:5    | Killed an orb of fire
 55692 | Zot:5    | Noticed an orb of fire
 55700 | Zot:5    | Noticed an ancient lich
 55702 | Zot:5    | Killed an orb of fire
 55702 | Zot:5    | Gained mutation: You are dopey. (Int -2) [an orb of fire]
 55832 | Zot:5    | Killed an orb of fire
 55857 | Zot:5    | a Killer Klown changed into a juggernaut
 55857 | Zot:5    | Noticed a juggernaut
 55868 | Zot:5    | Killed a juggernaut
 55892 | Zot:5    | Killed a dread lich
 55915 | Zot:5    | Killed an ancient lich
 55916 | Zot:5    | Reached skill level 22 in Ranged Weapons
 56540 | Depths:1 | Voluntarily entered the Abyss.
 56540 | Abyss:1  | Found a corrupted altar of Lugonu.
 56601 | Abyss:1  | Found a corrupted altar of Lugonu.
 56702 | Abyss:1  | Paralysed by accursed screaming for 1 turns
 56844 | Abyss:2  | Found a corrupted altar of Lugonu.
 56844 | Abyss:2  | Found a stormy altar of Qazlal.
 56865 | Abyss:2  | Found a shimmering blue altar of Sif Muna.
 56936 | Abyss:2  | Found a corrupted altar of Lugonu.
 56957 | Abyss:2  | Found a corrupted altar of Lugonu.
 56960 | Abyss:2  | Found a stormy altar of Qazlal.
 57019 | Abyss:3  | Found a corrupted altar of Lugonu.
 57053 | Abyss:4  | Found a corrupted altar of Lugonu.
 57080 | Abyss:4  | Found a transporter.
 57081 | Abyss:4  | Found a corrupted altar of Lugonu.
 57114 | Abyss:4  | Gained mutation: Your magical capacity is low. (-10% MP) [a
                  | neqoxec]
 57388 | Abyss:5  | Got an abyssal rune of Zot
 57463 | Abyss:6  | Found a corrupted altar of Lugonu.
 57489 | Depths:1 | Escaped the Abyss
 57899 | Zot:5    | Got the Orb of Zot
 58050 | Depths:4 | Noticed Zuixkiul the pandemonium lord
 58681 | D:$      | Escaped with the Orb!

Illustrated notes

Levels and vault maps discovered:
D:1:      dpeg_arrival_signposts, layout_basic, minmay_pentomino_u2
D:2:      layout_loops_ring
D:3:      layout_loops_cross, lemuel_doored_altar,
          dilly_ecumenical_altar_fadedgnrine
D:4:      layout_loops_cross
D:5:      layout_gridville, amcnicky_altar_gilded, nicolae_wu_jian_wuxing_cycle,
          mainiacjoe_overflow_small_starburst, serial_shops, shop_statue,
          kennysheep_nondescript, st_stairs_12, chequers_decorated_corner,
          uniq_sigmund
D:6:      layout_basic, minmay_temple_entry_offerings
D:7:      layout_gridville, gammafunk_temple_overflow_elements,
          dreamdust_mushroom_princess, mrwooster_statue_mirror
D:8:      layout_basic, mainiacjoe_overflow_catwalk_spiral, lair_entry_dummy,
          kennysheep_decorative_pillar, hangedman_decor_peaks_small, uniq_maggie
D:9:      layout_long_grid
D:10:     layout_irregular_city, nicolae_gozag_zags_fifth_avenue, david_orc_3,
          serial_shops, shop
D:11:     layout_big_octagon
D:12:     hellmonk_ruined_rings, layout_basic
D:13:     layout_rooms, david_vaults_5, bh_circular_ruins
D:14:     layout_basic, chequers_serial_rivers_micro_a, zin_purify
D:15:     gammafunk_enter_depths_forms, layout_rooms, nicolae_uskayaw_suspiria,
          serial_shops, nicolae_shop_advertising_works
          [nicolae_subvault_shop_adworks]
Temple:   compressed_dpeg_triangle_lava_temple
Lair:1:   layout_chaotic_city, serial_bayou_shore_a
Lair:2:   layout_small_grid, palyth_hydra_swamp_entry,
          ebering_ghost_disaster_area, nicolae_lair_grove_arrangements,
          minivault_11
Lair:3:   layout_small_grid, nicolae_snake_entry_squirm, gammafunk_ghost_icy
Lair:4:   layout_cellular_growth, dpeg_slime_entry_corner, grunt_megastairs_4
Lair:5:   grunt_lair_end_beastmaster, layout_cave_pods,
          infiniplex_staircase_pool
Swamp:1:  layout_basic_swamp, evilmike_swamp_ruin_house_3,
          infiniplex_staircase_pool_2, uniq_aizul
Swamp:2:  layout_basic_swamp, hangedman_swamp_ruin_hall
Swamp:3:  layout_falls_marsh, evilmike_swamp_ruin_house_2, swamp_pool3
Swamp:4:  swamp_basic_johnstein, layout_basic_swamp
Snake:1:  gammafunk_its_a_trap, layout_basic
Snake:2:  layout_cave_shapes, nicolae_integral_box
Snake:3:  layout_rooms, uniq_bai_suzhen, uniq_vashnia
Snake:4:  snake_pit, layout_rooms
Slime:1:  layout_caves
Slime:2:  layout_caves, nicolae_slime_phagocytosis
Slime:3:  layout_caves
Slime:4:  layout_caves
Slime:5
Orc:1:    layout_diamond_mine, basic_altar, ebering_ghost_gozag,
          nicolae_orc_damp_corner
Orc:2:    st_orc_ogre_mass, layout_caves, biasface_ghost_orc_armoury,
          portal_ice_cave_rime, serial_shops, shop, uniq_jorgrun
Elf:1:    eino_elf_arrival_sip, layout_geoelf_octagon, minivault_28
Elf:2:    nicolae_elf_blades_splatter_lattice [mumra_blade_entry_dagger],
          layout_geoelf_octagon, serial_shops, shop, basic_altar,
          nicolae_shop_sticking_my_neck_out, uniq_zenata
Elf:3:    grunt_elf_hall_spiral, layout_loops_corners, serial_shops,
          nicolae_lakefront_shop, shop_statue
Vaults:1: hangedman_vaults_impose, ontoclasm_vaults_eye, ontoclasm_vaults_pinch,
          v_alt_pattern_1, nicolae_vaults_circle_grid_b,
          ontoclasm_vaults_ring_large, nicolae_vaults_circle_grid_b,
          vaults_room_boxed, nicolae_vaults_circle_grid_b, vaults_dpeg_cross,
          hangedman_vaults_cutoff, v_misc_29, special_room_vaults
          [special_room_orc], layout_vaults_omnicross
Vaults:2: minmay_crypt_entry_simple_walls, ontoclasm_vaults_loading_screen,
          v_misc_5, nicolae_vaults_little_squares_6, v_misc_14,
          nicolae_vaults_three_branches, vaults_room_grid,
          nicolae_vaults_sealed_display, grunt_vaults_focal,
          nicolae_vaults_border_crossing, nicolae_vaults_angled_halls, v_misc_9,
          layout_vaults_quadrants, serial_shops, nicolae_shop_trees
Vaults:3: gammafunk_ghost_wrathful_warriors, v_misc_23,
          nicolae_vaults_hallways_thing, vaults_mumra_minichess_inversion,
          nicolae_vaults_little_ls, hangedman_vaults_stitches,
          grunt_vaults_hallway_long, grunt_vaults_hallway_short,
          hangedman_vaults_capsules, ontoclasm_vaults_idyll,
          nicolae_vaults_network_s, nicolae_vaults_alarming,
          nicolae_vaults_twisting_passages, nicolae_vaults_circle_grid_b,
          layout_vaults_omnibox
Vaults:4: vaults_mumra_minichess, ontoclasm_vaults_decontamination, v_misc_31,
          hangedman_vaults_corner, vaults_dpeg_ring, v_misc_8,
          ontoclasm_vaults_shuriken, v_misc_27, grunt_vaults_funnel,
          hangedman_vaults_snaps, ontoclasm_vaults_shout, vaults_room_pool,
          vaults_dpeg_encased_lava, layout_vaults_maze_snakey, uniq_donald
Vaults:5
Depths:1: layout_gridlike, abyss_entry_crystal, lemuel_coloured_pillars_altar,
          hell_entry, minmay_misc_feat_x, nicolae_eternal_life,
          nicolae_ashenzari_skybound, uniq_saint_roka, uniq_sojobo
Depths:2: minmay_box_of_curves, layout_cave_shapes,
          infiniplex_enter_wizlab_glasses, rand_demon_pan_entry_1,
          roderic_roman_lattice, grunt_hell_entry_dis_old
Depths:3: kennysheep_water_balloons, layout_cave_pools, rand_demon_pan_entry_3,
          small_statue_intersection, hell_entry, marbit_kobold_abyss_entry,
          minmay_shop_star, serial_bayou_shore_b,
          infiniplex_staircase_pillars_3b, uniq_xtahua
Depths:4: grunt_zot_entry_tricorne, layout_gridlike, enter_ziggurat_e,
          hangedman_geh_valley, reono_crystal_passage
Zot:1:    layout_gridlike, bh_zot_lava_cross, door_vault
Zot:2:    layout_onion_interference, uniq_josephina
Zot:3:    layout_onion, uniq_grunn
Zot:4:    layout_misc_corridors, gammafunk_ghost_berserking_beasts
Zot:5:    layout_twisted_circle

Skill      XL: |  1  2  3  4  5  6  7  8  9 10 11 12 13 14 15 16 17 18 19 20 21 22 23 24 25 26 27 |
---------------+----------------------------------------------------------------------------------+-----
Invocations    | 1 2 3 4 5 6 7 8 9 10 11 12 13 14 15 16 17 18 19 20 21 | 21.2
Fighting       | 1 2 3 5 6 7 8 9 10 11 12 13 14 15 16 17 18 19 | 19.7
Short Blades   | 1 2 3 5 6 7 8 9 10 11 12 13 14 15 16 17 18 19 | 19.7
Long Blades    | 1 2 3 5 6 7 8 9 10 11 12 13 14 15 16 17 18 19 | 19.7
Axes           | 1 2 3 5 6 7 8 9 10 11 12 13 14 15 16 17 18 19 | 19.7
Maces & Flails | 1 2 3 5 6 7 8 9 10 11 12 13 14 15 16 17 18 19 | 19.7
Polearms       | 1 2 3 5 6 7 8 9 10 11 12 13 14 15 16 17 18 19 | 19.7
Staves         | 1 2 3 5 6 7 8 9 10 11 12 13 14 15 16 17 18 19 | 19.7
Ranged Weapons | 1 2 3 5 6 7 8 9 10 11 12 13 14 15 16 17 18 20 21 22 | 22.8
Throwing       | 1 2 3 5 6 7 8 9 10 11 12 13 14 15 16 17 18 19 | 19.7
Stealth        | 1 2 3 5 6 7 8 9 10 11 12 13 14 15 16 17 18 19 | 19.7
Shields        | 1 2 3 5 6 7 8 9 10 11 12 13 14 15 16 17 18 19 | 19.7
Unarmed Combat | 1 2 3 5 6 7 8 9 10 11 12 13 14 15 16 17 18 19 | 19.7
Spellcasting   | 3 4 5 6 7 8 9 10 11 12 13 14 15 16 17 18 19 | 19.8
Conjurations   | 1 2 3 4 5 6 7 8 9 10 11 12 13 14 15 16 | 16.8
Hexes          | 1 2 3 4 5 6 7 8 9 10 11 12 13 14 15 16 | 16.8
Summonings     | 1 2 3 4 5 6 7 8 9 10 11 12 13 14 15 17 | 17.1
Necromancy     | 1 2 3 4 5 6 7 8 9 10 11 12 13 14 15 16 | 16.8
Translocations | 1 2 3 4 5 6 7 8 9 10 11 12 13 14 15 16 | 16.8
Transmutations | 1 2 3 4 5 6 7 8 9 10 11 12 13 14 15 16 | 16.8
Ice Magic      | 1 2 3 4 5 6 7 8 9 10 11 12 13 14 15 16 17 18 19 20 21 | 21.5
Air Magic      | 1 2 3 4 5 6 7 8 9 10 11 12 13 14 15 16 | 16.8
Earth Magic    | 1 2 3 4 5 6 7 8 9 10 11 12 13 14 15 16 | 16.8
Poison Magic   | 1 2 3 4 5 6 7 8 9 10 11 12 13 14 15 16 | 16.8
Armour         | 3 4 5 6 7 8 9 10 11 12 13 14 15 16 17 18 19 | 19.8
Fire Magic     | 4 5 6 7 8 9 10 11 12 13 14 15 16 17 | 17.2
Evocations     | 5 6 7 8 9 10 11 12 13 14 15 16 17 18 19 20 | 20.1
Dodging        | 9 10 11 12 13 14 15 16 17 18 19 20 21 | 21.1

Action                     |  1- 3 |  4- 6 |  7- 9 | 10-12 | 13-15 | 16-18 | 19-21 | 22-24 | 25-27 || total
---------------------------+-------+-------+-------+-------+-------+-------+-------+-------+-------++-------
  Melee: Dagger            |   126 |   121 |       |       |       |       |       |       |       ||   247
         Punch             |     5 |     2 |       |       |       |       |       |       |       ||     7
         Bite              |    10 |    17 |    31 |    87 |   201 |   207 |   256 |   370 |   364 ||  1543
         Halberd           |       |    10 |   192 |       |       |       |       |       |       ||   202
         Scimitar          |       |       |    47 |   584 |   708 |       |       |       |       ||  1339
         Unarmed           |       |       |       |       |   367 |   952 |  1265 |  1504 |  1603 ||  5691
         Headbutt          |       |       |       |       |       |       |       |    13 |       ||    13
   Cast: Foxfire           |    15 |     5 |       |       |       |       |     1 |     1 |       ||    22
         Statue Form       |       |       |       |       |    35 |    94 |   107 |   123 |   142 ||   501
         Ozocubu's Refrige |       |       |       |       |       |       |       |     4 |    12 ||    16
 Invoke: Slouch            |       |       |       |       |     3 |     9 |    11 |    13 |    14 ||    50
         Step From Time    |       |       |       |       |       |       |       |     1 |     1 ||     2
  Evoke: Wand              |       |     3 |     9 |       |     3 |    11 |     1 |     8 |     6 ||    41
         Condenser vane    |       |       |       |       |     1 |     2 |     1 |     5 |     1 ||    10
         Lightning rod     |       |       |       |       |       |       |       |     4 |       ||     4
    Use: Potion            |     1 |     4 |     1 |     4 |     1 |     6 |     1 |     7 |     9 ||    34
         Scroll            |       |       |    13 |     7 |     4 |     1 |     4 |     3 |    11 ||    43
   Stab: Sleeping          |     2 |     4 |    14 |    16 |    11 |     5 |    12 |    15 |     4 ||    83
         Distracted        |       |       |       |     4 |     3 |       |       |     7 |     8 ||    22
         Petrified         |       |       |       |       |     3 |       |       |       |       ||     3
         Invisible         |       |       |       |       |       |    16 |       |       |       ||    16
         Confused          |       |       |       |       |       |       |     7 |       |     6 ||    13
 Armour: Robe              |    21 |       |       |       |       |       |       |       |       ||    21
         Ring mail         |    17 |    28 |    23 |       |       |       |       |       |       ||    68
         Scale mail        |       |       |    32 |    46 |       |       |       |       |       ||    78
         Troll leather arm |       |       |       |    80 |   175 |       |       |       |       ||   255
         Skin              |       |       |       |       |    82 |   351 |   363 |   525 |   279 ||  1600
  Dodge: Dodged            |   134 |    81 |   167 |   852 |  1616 |  1917 |  2363 |  3064 |  2185 || 12379
  Block: Buckler           |       |       |    18 |   373 |   779 |   989 |   395 |       |       ||  2554
         Kite shield       |       |       |       |       |       |       |  1087 |  2330 |  2486 ||  5903
         Reflection        |       |       |       |       |       |       |    71 |    51 |    74 ||   196

Table legend: (Time is in decaauts)
 A = Elapsed time spent in this place.
 B = Non-inter-level travel time spent in this place.
 C = Inter-level travel time spent in this place.
 D = Time resting spent in this place.
 E = Time spent auto-exploring this place.
 F = Levels seen in this place.
 G = Mean time per level.
                   A        B        C        D        E       F      G
               +--------+--------+--------+--------+--------+-----+--------+
         Total | 100399 |  88314 |  12085 |   8246 |  54063 |  61 | 1645.9 |
       Dungeon |  20661 |  16328 |   4333 |   1354 |  11764 |  15 | 1377.4 |
        Temple |    332 |    296 |     36 |      0 |    281 |   1 |  332.0 |
          Lair |  10331 |   8392 |   1939 |    306 |   6327 |   5 | 2066.2 |
         Swamp |   5050 |   4649 |    401 |      0 |   3171 |   4 | 1262.5 |
     Snake Pit |   6702 |   6351 |    351 |    578 |   3859 |   4 | 1675.5 |
    Slime Pits |   3141 |   2987 |    154 |   1367 |     72 |   5 |  628.2 |
  Orcish Mines |   3553 |   3116 |    437 |     33 |   1997 |   2 | 1776.5 |
   Elven Halls |   6218 |   5868 |    350 |     82 |   4142 |   3 | 2072.7 |
        Vaults |  15303 |  14401 |    902 |   1547 |   9665 |   5 | 3060.6 |
        Depths |  11755 |   9723 |   2032 |    351 |   6884 |   4 | 2938.8 |
           Zot |  13118 |  11973 |   1145 |   2280 |   5358 |   5 | 2623.6 |
         Abyss |   2088 |   2088 |      0 |     27 |      0 |   6 |  348.0 |
      Ice Cave |    932 |    932 |      0 |    197 |    311 |   1 |  932.0 |
        Wizlab |   1208 |   1208 |      0 |    122 |    229 |   1 | 1208.0 |
               +--------+--------+--------+--------+--------+-----+--------+

Top non-repeatable levels by time:
   Zot:5: 4679 daAuts
Depths:2: 4003 daAuts
Vaults:4: 3459 daAuts
Vaults:2: 3083 daAuts
   Zot:1: 3029 daAuts
Vaults:1: 3025 daAuts
   Elf:3: 2968 daAuts
Vaults:5: 2907 daAuts
Vaults:3: 2828 daAuts
Depths:3: 2724 daAuts
Depths:1: 2621 daAuts
  Lair:2: 2463 daAuts
   Orc:2: 2439 daAuts
Depths:4: 2405 daAuts
   Zot:2: 2161 daAuts
